 Dungeon Crawl Stone Soup version 0.24.0-37-gcf1ca852f1 (webtiles) character file.

Game seed: 18165723678077109990, levelgen mode: deterministic

37797 Goreval the Markscentaur (level 13, -5/118 HPs)
             Began as a Centaur Hunter on Dec 3, 2019.
             Was a High Priest of Fedhas.
             Slain by a polar bear (7 damage)
             ... on level 6 of the Lair of Beasts.
             The game lasted 01:00:02 (32597 turns).

Goreval the Markscentaur (Centaur Hunter)          Turns: 32597, Time: 01:00:03

Health: -5/118     AC: 18    Str: 20    XL:     13   Next: 60%
Magic:  19/20      EV:  6    Int: 10    God:    Fedhas [*****.]
Gold:   481        SH:  0    Dex: 13    Spells: 12/12 levels left

rFire    + . .     SeeInvis .   a - +1 shortbow
rCold    . . .     Gourm    .   (shield currently unavailable)
rNeg     . . .     Faith    .   J - +4 chain mail {MR+}
rPois    .         Spirit   .   y - +0 helmet
rElec    .         Reflect  .   r - +1 cloak
rCorr    .         Harm     .   G - +0 pair of gloves
MR       +....                  (no barding)
Stlth    ..........             p - amulet of the acrobat
HPRegen  0.29/turn              C - ring of flight
MPRegen  0.17/turn              x - +3 ring of dexterity

@: very quick
A: large, hooves 3, blink, deformed body, fire resistance 1, speed 2, screaming
1, tough skin 3, wild magic 1
a: Blink, Wall of Briars, Grow Ballistomycete, Overgrow, Grow Oklob, Renounce
Religion, Evoke Flight


You were on level 6 of the Lair of Beasts.
You worshipped Fedhas.
Fedhas was extremely pleased with you.
You were not hungry.

You visited 3 branches of the dungeon, and saw 18 of its levels.

You collected 890 gold pieces.
You spent 409 gold pieces at shops.

Inventory:

Hand Weapons
 a - a +1 shortbow (weapon)
 b - a +2 short sword of electrocution
Missiles
 d - 73 arrows (quivered)
Armour
 r - a +1 cloak (worn)
 v - a +2 robe of magic resistance
 y - a +0 helmet (worn)
 G - a +0 pair of gloves (worn)
 J - a +4 chain mail of magic resistance (worn)
Jewellery
 p - an amulet of the acrobat (around neck)
 x - a +3 ring of dexterity (right hand)
 C - a ring of flight (left hand)
Wands
 c - a wand of flame (48)
 h - a wand of polymorph (23)
 i - a wand of disintegration (5)
 A - a wand of paralysis (4)
 I - a wand of clouds (7)
 M - a wand of enslavement (6)
Scrolls
 j - 6 scrolls of teleportation
 n - 2 scrolls of magic mapping
 o - 3 scrolls of identify
 q - 4 scrolls of remove curse
 w - 3 scrolls of blinking {unknown}
 z - 3 scrolls of amnesia {unknown}
 B - 4 scrolls of enchant armour
 E - 3 scrolls of fog {unknown}
 F - 2 scrolls of summoning
 H - a scroll of enchant weapon
 K - a scroll of fear
Potions
 e - 4 potions of curing
 g - 2 potions of haste
 k - 3 potions of agility
 l - 2 potions of berserk rage
 m - a potion of invisibility
 s - 2 potions of brilliance
 t - 3 potions of heal wounds
 u - 2 potions of mutation
 D - a potion of cancellation
 L - 3 potions of might
 N - 2 potions of resistance {unknown}
 O - a potion of flight {unknown}
Comestibles
 f - 32 rations
 P - 4 chunks of flesh


   Skills:
 + Level 12.1 Fighting
 - Level 5.0 Short Blades
 + Level 17.7 Bows
 + Level 7.4 Armour
 - Level 1.3 Dodging
 - Level 0.4 Stealth
   Level 1.2 Shields
 + Level 10.5 Invocations


You had 12 spell levels left.
You didn't know any spells.
Your spell library contained the following spells:

 Spells                   Type           Power        Failure   Level  Hunger
 Flame Tongue             Conj/Fire      #....        98%         1    ##.....
 Freeze                   Ice            #...         98%         1    ##.....
 Magic Dart               Conj           #...         98%         1    ##.....
 Blink                    Tloc           N/A          99%         2    ###....
 Call Imp                 Summ           #.......     99%         2    ###....
 Slow                     Hex            #.......     99%         2    ###....
 Throw Flame              Conj/Fire      #.....       99%         2    ###....
 Throw Frost              Conj/Ice       #.....       99%         2    ###....
 Conjure Flame            Conj/Fire      #.......     100%        3    ####...
 Inner Flame              Hex/Fire       #.......     100%        3    ####...
 Mephitic Cloud           Conj/Pois/Air  #.......     100%        3    ####...
 Ozocubu's Armour         Chrm/Ice       #.......     100%        3    ####...
 Sticky Flame             Conj/Fire      #.......     100%        4    #####..
 Summon Ice Beast         Ice/Summ       #.......     100%        4    #####..
 Throw Icicle             Conj/Ice       #.......     100%        4    #####..
 Fireball                 Conj/Fire      #.........   100%        5    ######.
 Irradiate                Conj/Tmut      #.........   100%        5    ######.
 Hydra Form               Tmut           #.........   100%        6    #######
 Statue Form              Tmut/Erth      #........    100%        6    #######
 Dragon Form              Tmut           #.........   100%        7    #######


Dungeon Overview and Level Annotations

Branches:
Dungeon (11/15)            Temple (1/1) D:5            Lair (6/6) D:9
  Swamp (0/4) Lair:2        Snake (0/4) Lair:4        Slime (0/5) Lair:5
    Orc (0/2) D:10

Altars:
Ashenzari
Cheibriados
Dithmenos
Elyvilon
Fedhas
Gozag
Hepliaklqana
Kikubaaqudgha
Makhleb
Nemelex Xobeh
Okawaru
Qazlal
Ru
Sif Muna
Trog
Uskayaw
Vehumet
Wu Jian
Xom
Yredelemnul
Zin
The Shining One
Jiyva
Lugonu

Shops:
D:5 [   D:6 *   D:10 :

Annotations:
D:8 3 runed translucent doors


Innate Abilities, Weirdness & Mutations

You have hooves in place of feet.
Armour fits poorly on your strangely shaped body.
You cover ground very quickly.
You have extremely tough skin. (AC +3)
You can translocate small distances at will.
Your flesh is heat resistant. (rF+)
You occasionally shout uncontrollably at your foes.
Your spells are a little harder to cast, but a little more powerful.


Message History

Aim: a polar bear (heavily wounded)
You shoot an arrow. The arrow hits the polar bear.
Firing (i - inventory)
d - 76 arrows (quivered)
Aim: a polar bear (severely wounded)
You shoot an arrow. The arrow barely misses the polar bear.
You feel sick.
The polar bear goes berserk!
You feel better. The polar bear completely misses you.
The polar bear claws you but does no damage.
The polar bear claws you.
* * * LOW HITPOINT WARNING * * *
Firing (i - inventory)
d - 75 arrows (quivered)
Aim: a polar bear (severely wounded, berserk, fast, unusually strong)
You shoot an arrow. The arrow hits the polar bear!
The polar bear bites you!
* * * LOW HITPOINT WARNING * * *
The polar bear claws you but does no damage. x2
Firing (i - inventory)
d - 74 arrows (quivered)
Aim: a polar bear (almost dead, berserk, fast, unusually strong)
You shoot an arrow. The arrow hits the polar bear!
The polar bear bites you!
You die...
Fedhas appreciates your contribution to the ecosystem.

♣............#.....
♣..........P..#....
♣♣........)P..#....
♣.........PP......
♣♣................
♣........##..#.P#
♣..♣♣♣♣♣♣♣......P#...####
♣.$.((i♣♣......###
....♣♣♣♣h@.....## ♣
♣♣♣.P..## ♣♣♣♣##


You could see a polar bear (berserk) and a spriggan.

Vanquished Creatures
  3 hydras (Lair:2)
  A two-headed ogre (D:9)
  14 elephants
  2 black mambas
  Maurice (D:9)
  A centaur zombie (D:10)
  Joseph (D:8)
  A gargoyle (D:10)
  9 spiny frogs
  3 komodo dragons
  3 meliai (Lair:5)
  5 polar bears (Lair:3)
  A queen bee (Lair:5)
  3 hornets
  2 tyrant leeches (Lair:2)
  4 dream sheep
  Grinder (D:4)
  16 blink frogs
  3 hippogriffs
  2 spriggans
  A basilisk (Lair:1)
  26 yaks
  2 steam dragons
  3 hungry ghosts
  Menkaure (D:5)
  2 swamp worms (Lair:2)
  2 nagas
  Duvessa (D:4)
  6 water moccasins
  11 porcupines
  4 black bears
  4 orc warriors
  6 ice beasts
  A sky beast (D:8)
  A phantom (D:8)
  A necrophage (D:10)
  An ogre (D:7)
  A centaur (D:5)
  44 wolves
  13 crocodiles
  A big kobold (D:7)
  14 bullfrogs
  Dowan (D:4)
  33 killer bees
  3 electric eels
  4 howler monkeys
  8 wights
  5 crimson imps
  A bullfrog zombie (D:5)
  A quasit (D:10)
  3 hounds
  5 orc priests
  A jelly (D:9)
  10 orc wizards
  Jessica (D:3)
  Ijyb (D:5)
  2 iguanas
  Natasha (thrice) (D:2)
  7 worker ants
  A killer bee zombie (D:10)
  A hound zombie (D:7)
  Robin (D:3)
  2 worker ant zombies
  11 adders
  4 gnolls (D:2)
  2 shadow imps (D:9)
  An adder skeleton (D:4)
  3 dart slugs
  5 leopard geckos
  42 orcs
  A ball python (D:4)
  5 bats
  6 giant cockroaches
  23 goblins
  8 hobgoblins
  11 jackals
  3 quokkas
  6 frilled lizards
  6 kobolds
  2 leopard gecko skeletons
  A leopard gecko zombie (D:5)
  2 quokka skeletons
  A quokka zombie (D:6)
  5 rats
464 creatures vanquished.

Vanquished Creatures (collateral kills)
  A wolf (Lair:6)
  8 ballistomycete spores (Lair:6)
9 creatures vanquished.

Vanquished Creatures (others)
  An oklob plant (Lair:4)
  A yak (D:10)
  A centaur (D:10)
  2 bullfrogs (D:10)
  A wight (D:10)
  A jelly (D:10)
  A worker ant (D:10)
  3 orcs (D:10)
  A ballistomycete spore (Lair:6)
  23 fungi
  14 plants
49 creatures vanquished.

Grand Total: 522 creatures vanquished

Notes
Turn   | Place    | Note
-------+----------+-------------------------------------------
     0 | D:1      | Goreval the Centaur Hunter began the quest for the Orb.
     0 | D:1      | Reached XP level 1. HP: 17/17 MP: 1/1
    77 | D:1      | Reached XP level 2. HP: 24/24 MP: 2/2
   199 | D:1      | Reached skill level 6 in Bows
   446 | D:1      | Reached XP level 3. HP: 30/30 MP: 3/3
   659 | D:2      | Noticed Natasha
   670 | D:2      | Killed Natasha
   776 | D:2      | Found a stormy altar of Qazlal.
   808 | D:2      | Reached XP level 4. HP: 37/37 MP: 4/4
   818 | D:2      | Reached skill level 7 in Bows
  1087 | D:2      | Noticed Natasha
  1102 | D:2      | Killed Natasha
  1650 | D:2      | Found a shimmering blue altar of Sif Muna.
  1679 | D:3      | Reached XP level 5. HP: 43/45 MP: 5/5
  1724 | D:2      | Noticed Natasha
  1729 | D:2      | Killed Natasha
  2047 | D:3      | Reached skill level 8 in Bows
  2085 | D:3      | Noticed Jessica
  2099 | D:3      | Killed Jessica
  2396 | D:3      | Found a hide-covered altar of Uskayaw.
  2648 | D:3      | Reached XP level 6. HP: 52/52 MP: 6/6
  2683 | D:3      | Noticed Robin
  2748 | D:3      | Killed Robin
  2888 | D:3      | Gained mutation: Scrolls take you a little longer to read.
                  | [potion of mutation]
  2888 | D:3      | Gained mutation: Your mind is acute. (Int +2) [potion of
                  | mutation]
  2888 | D:3      | Lost mutation: Scrolls take you a little longer to read.
                  | [potion of mutation]
  2888 | D:3      | Gained mutation: Your spells are a little harder to cast,
                  | but a little more powerful. [potion of mutation]
  2889 | D:3      | Lost mutation: Your spells are a little harder to cast, but
                  | a little more powerful. [potion of mutation]
  2889 | D:3      | Lost mutation: Your mind is acute. (Int +2) [potion of
                  | mutation]
  2889 | D:3      | Gained mutation: You occasionally shout uncontrollably at
                  | your foes. [potion of mutation]
  2889 | D:3      | Gained mutation: You can translocate small distances at
                  | will. [potion of mutation]
  2889 | D:3      | Gained mutation: Your spells are a little harder to cast,
                  | but a little more powerful. [potion of mutation]
  2889 | D:3      | Gained mutation: Your flesh is heat resistant. (rF+)
                  | [potion of mutation]
  3303 | D:4      | Reached skill level 9 in Bows
  3474 | D:4      | Noticed Duvessa
  3474 | D:4      | Noticed Dowan
  3531 | D:4      | Killed Duvessa
  3758 | D:4      | Killed Dowan
  3758 | D:4      | Reached XP level 7. HP: 51/60 MP: 7/7
  3765 | D:5      | Entered Level 5 of the Dungeon
  4445 | D:4      | Noticed Grinder
  4458 | D:4      | Killed Grinder
  4458 | D:4      | Reached skill level 5 in Fighting
  4458 | D:4      | Reached skill level 10 in Bows
  4749 | D:5      | Found Guvees's Armour Boutique.
  4755 | D:5      | Found a staircase to the Ecumenical Temple.
  4781 | Temple   | Entered the Ecumenical Temple
  4911 | Temple   | Became a worshipper of Fedhas Madash
  4937 | D:5      | Noticed Menkaure
  4943 | D:5      | Killed Menkaure
  4943 | D:5      | Reached skill level 11 in Bows
  4943 | D:5      | Reached XP level 8. HP: 69/69 MP: 8/8
  5111 | D:5      | Noticed Ijyb
  5137 | D:5      | Killed Ijyb
  5763 | D:5      | Reached * piety under Fedhas
  5955 | D:6      | Found a sacrificial altar of Ru.
  6051 | D:6      | Reached skill level 12 in Bows
  6311 | D:6      | Found a shattered altar of Ashenzari.
  6415 | D:6      | Found a shimmering altar of Xom.
  6523 | D:6      | Found an iron altar of Okawaru.
  7078 | D:6      | Found Zin's Purification Station.
  7081 | D:6      | Found a glowing silver altar of Zin.
  7347 | D:7      | Reached skill level 13 in Bows
  7396 | D:7      | Reached XP level 9. HP: 79/79 MP: 9/9
  8556 | D:8      | Found a shimmering blue altar of Sif Muna.
  8559 | D:8      | Reached skill level 1 in Shields
  8563 | D:8      | Reached skill level 14 in Bows
  8601 | D:8      | Found a white marble altar of Elyvilon.
  8607 | D:8      | Found an iron altar of Okawaru.
  8672 | D:8      | Reached ** piety under Fedhas
  8926 | D:8      | Reached skill level 1 in Invocations
  8994 | D:8      | Reached skill level 1 in Armour
  9018 | D:8      | Noticed Joseph
  9036 | D:8      | Killed Joseph
  9325 | D:8      | Found a runed translucent gate.
  9325 | D:8      | Found a runed translucent gate.
  9325 | D:8      | Found a runed translucent gate.
  9327 | D:8      | Noticed a cyan ugly thing
  9328 | D:8      | Noticed a white ugly thing
  9347 | D:8      | Noticed a red ugly thing
  9347 | D:8      | Noticed a brown ugly thing
  9347 | D:8      | Noticed a red ugly thing
  9404 | D:8      | Noticed a glowing orange brain
  9680 | D:9      | Found a sparkling altar of Nemelex Xobeh.
  9755 | D:9      | Reached XP level 10. HP: 54/89 MP: 12/12
 10952 | D:9      | Found a bloodstained altar of Trog.
 11275 | D:9      | Found a staircase to the Lair.
 11341 | D:9      | Reached *** piety under Fedhas
 11559 | D:9      | Noticed Maurice
 11579 | D:9      | Killed Maurice
 12081 | D:5      | Bought a +4 chain mail of magic resistance for 409 gold
                  | pieces
 12374 | D:10     | Entered Level 10 of the Dungeon
 12408 | D:10     | Reached skill level 15 in Bows
 12483 | D:10     | Noticed a two-headed ogre
 12606 | D:9      | Killed a two-headed ogre
 12606 | D:9      | Reached skill level 5 in Invocations
 12668 | D:10     | Found Wioth's Book Shop.
 13188 | D:9      | Reached XP level 11. HP: 53/97 MP: 15/15
 13972 | D:10     | Found a shimmering altar of Xom.
 14016 | D:10     | Reached skill level 1 in Short Blades
 14855 | D:10     | Found a staircase to the Orcish Mines.
 14933 | Lair:1   | Entered Level 1 of the Lair of Beasts
 15802 | Lair:1   | Reached **** piety under Fedhas
 16932 | Lair:1   | Reached skill level 10 in Fighting
 18427 | Lair:2   | HP: 2/100 [tyrant leech (16)]
 18443 | Lair:2   | Reached skill level 5 in Armour
 18744 | Lair:2   | Reached skill level 16 in Bows
 18993 | Lair:2   | Noticed an eight-headed hydra
 19021 | Lair:2   | Killed an eight-headed hydra
 19817 | Lair:2   | Reached XP level 12. HP: 96/107 MP: 17/17
 20244 | Lair:2   | Noticed a four-headed hydra
 20290 | Lair:2   | Killed a four-headed hydra
 20563 | Lair:2   | Noticed a five-headed hydra
 20585 | Lair:2   | Killed a five-headed hydra
 20664 | Lair:2   | Found a staircase to the Swamp.
 23581 | Lair:3   | Reached skill level 17 in Bows
 24029 | Lair:4   | Reached ***** piety under Fedhas
 24757 | Lair:2   | Paralysed by a hornet for 3 turns
 24760 | Lair:2   | HP: 5/110 [hornet (6)]
 26038 | Lair:3   | Reached XP level 13. HP: 48/116 MP: 20/20
 26069 | Lair:3   | HP: 5/116 [poisoned by a spiny frog]
 26075 | Lair:3   | HP: 5/116 [poisoned by a spiny frog]
 26650 | Lair:4   | Found a staircase to the Snake Pit.
 29048 | Lair:5   | Reached skill level 10 in Invocations
 29307 | Lair:5   | Found a viscous altar of Jiyva.
 29307 | Lair:5   | Found a staircase to the Slime Pits.
 29762 | Lair:6   | Entered Level 6 of the Lair of Beasts
 30162 | Lair:4   | HP: 5/117 [poisoned by a spiny frog]
 30170 | Lair:4   | HP: 5/117 [poisoned by a spiny frog]
 30178 | Lair:4   | HP: 5/117 [poisoned by a spiny frog]
 30633 | Lair:5   | HP: 4/117 [yak (5)]
 30638 | Lair:5   | HP: 3/117 [poisoned by a spiny frog]
 30646 | Lair:5   | HP: 4/117 [poisoned by a spiny frog]
 31378 | Lair:6   | Reached skill level 5 in Short Blades
 32576 | Lair:6   | Paralysed by a hornet for 1 turns
 32596 | Lair:6   | HP: 2/118 [polar bear (13)]
 32597 | Lair:6   | Slain by a polar bear

Levels and vault maps discovered:
D:1:      dpeg_arrival_chase, layout_rooms
D:2:      layout_loops_cross, nicolae_qazlal_general_emergency,
          old_standard_altar, serial_rivers, chequers_serial_rivers_room_a,
          chequers_serial_rivers_room_a, chequers_serial_rivers_room_a,
          chequers_serial_rivers_room_b, chequers_serial_rivers_micro_b,
          chequers_serial_rivers_small_b, uniq_natasha
D:3:      kennysheep_goblin_castle, layout_loops_ring,
          lemuel_coloured_pillars_altar, uniq_jessica
D:4:      layout_basic, first_ration, uniq_duvessa, uniq_grinder
D:5:      layout_loops_corners, minmay_temple_entry_butterflies, serial_shops,
          shop, uniq_menkaure, uniq_ijyb
D:6:      kennysheep_steamy, layout_cave_pods, cheibrodos_ashenzari_chains,
          zin_purify, old_standard_altar, lemuel_round_altar,
          okawaru_ov_weapons_minmay
D:7:      layout_basic, chequers_serial_rivers_marsh
D:8:      kennysheep_orc_sif_temple, layout_basic, grunt_temple_overflow_open,
          ploomutoo_gammafunk_ghost_potion_laboratory, the_bakery, uniq_joseph
D:9:      layout_long_grid, trog_ov_bears_minmay,
          nemelex_xobeh_ov_fountains_minmay, grunt_lair_entry_orc_guard_hut,
          minivault_27, uniq_maurice
D:10:     layout_basic, kennysheep_orc_monster_closet_entryway, serial_shops,
          kennysheep_mini_moat, chequers_decorated_corner, xom_confusion_cloud
D:11:     layout_small_grid, minmay_shop_chei, minmay_increasing_density,
          uniq_nergalle
Temple:   kb_corrupted_temple
Lair:1:   layout_roguey, gauntlet_entry_generic, serial_bayou_lake_a,
          lemuel_fruit_tree
Lair:2:   layout_gridlike, palyth_hydra_swamp_entry, grunt_megastairs_1,
          serial_bayou_shore_b
Lair:3:   layout_roguey, cheibrodos_lair_lostbears
Lair:4:   layout_regular_city, guppyfry_snake_entry_island,
          grunt_forest_large_clearings
Lair:5:   layout_roguey [special_room_bee], slime_altar_1,
          chequers_serial_rivers_small_b
Lair:6:   minmay_lair_end_enchanted_forest, layout_cave_pods, grunt_megastairs_4

Skill      XL: |  1  2  3  4  5  6  7  8  9 10 11 12 13 |
---------------+----------------------------------------+-----
Bows           | 6 7 8 9 11 13 14 15 16 17 | 17.7
Fighting       | 3 4 5 7 8 9 10 11 12 | 12.1
Shields        | 1 |  1.2
Invocations    | 2 5 7 9 10 | 10.5
Armour         | 2 3 5 6 7 |  7.4
Short Blades   | 3 5 |  5.0
Dodging        | |  1.3
Stealth        | |  0.4

Action                   |  1- 3 |  4- 6 |  7- 9 | 10-12 | 13-15 || total
-------------------------+-------+-------+-------+-------+-------++-------
Melee: Short sword       |     2 |    80 |     5 |   761 |   336 ||  1184
       Dagger            |     1 |       |       |       |       ||     1
       Kick              |       |     8 |     1 |   217 |   104 ||   330
       Shortbow          |       |       |     4 |       |       ||     4
 Fire: Shortbow          |    67 |   171 |   526 |   557 |   123 ||  1444
Throw: Throwing net      |       |       |       |     1 |       ||     1
Invok: Wall of Briars    |       |       |       |     2 |     1 ||     3
       Grow Ballistomyce |       |       |       |       |     2 ||     2
 Abil: Blink             |       |     1 |       |       |       ||     1
  Use: Scroll            |       |     4 |     6 |     7 |       ||    17
       Potion            |       |     2 |       |     4 |     2 ||     8
  Eat: Chunk             |       |     6 |    11 |    41 |     8 ||    66
       Ration            |       |       |     1 |     2 |     4 ||     7
Armor: Scale mail        |     5 |    70 |       |       |       ||    75
       Leather armour    |     2 |       |       |       |       ||     2
       Robe              |       |       |    44 |    48 |       ||    92
       Chain mail        |       |       |       |   847 |   377 ||  1224
Dodge: Dodged            |     4 |    69 |    45 |   525 |   231 ||   874
